 Dungeon Crawl Stone Soup version 0.20.1-1-g8b1a95d (webtiles) character file.

1230 letownia2 the Grave Robber (level 8, 0/64 HPs)
             Began as a Deep Dwarf Necromancer on Nov 11, 2017.
             Slain by Prince Ribbit (15 damage)
             ... on level 6 of the Dungeon on Nov 12, 2017.
             The game lasted 00:16:17 (3363 turns).

letownia2 the Grave Robber (Deep Dwarf Necromancer) Turns: 3363, Time: 00:16:18

Health: 0/64       AC:  6    Str: 13    XL:     8   Next: 24%
Magic:  1/14       EV: 11    Int: 17    God:
Gold:   243        SH:  0    Dex: 13    Spells: 4/16 levels left

rFire    . . .     SeeInvis +   a - +4 whip
rCold    + . .     Gourm    .   (no shield)
rNeg     . . .     Faith    .   k - +0 ring mail
rPois    .         Spirit   .   (no helmet)
rElec    .         Reflect  .   (no cloak)
rCorr    .         Harm     .   (no gloves)
MR       +....                  C - +0 pair of boots
Stlth    +.........             t - amulet of rage
Regen    0.0/turn               s - ring of protection from cold
MPRegen  0.2/turn               G - ring of see invisible

@: non-regenerating
A: damage resistance, heal wounds, sense surroundings 1, no regeneration
a: Heal Wounds, Evoke Berserk Rage


You were on level 6 of the Dungeon.
You were not hungry.

You visited 1 branch of the dungeon, and saw 6 of its levels.

You collected 243 gold pieces.

Inventory:

Hand Weapons
 a - a +4 whip (weapon)
 J - a +0 whip
Missiles
 e - 35 sling bullets
Armour
 k - a +0 ring mail (worn)
 y - a +0 scale mail
 C - a +0 pair of boots (worn)
 F - a +2 leather armour of poison resistance
Magical Staves
 B - an uncursed staff of conjuration
Jewellery
 s - a ring of protection from cold (left hand)
 t - an amulet of rage (around neck)
 G - a ring of see invisible (right hand)
Wands
 A - a wand of random effects (16/48)
Scrolls
 f - 4 scrolls of teleportation {unknown}
 h - a scroll of fog {unknown}
 j - a scroll of blinking {unknown}
 m - 2 scrolls of remove curse {unknown}
 n - a scroll of noise {unknown}
 o - 2 scrolls of enchant weapon {unknown}
 q - a scroll of holy word {unknown}
 r - 4 scrolls of identify {unknown}
 H - a scroll of amnesia {unknown}
 K - a scroll of immolation {unknown}
Potions
 d - a potion of might {unknown}
 g - 2 potions of brilliance {unknown}
 l - 2 potions of curing {unknown}
 u - a potion of haste {unknown}
 v - 3 potions of heal wounds
 z - a potion of magic {unknown}
 E - a potion of mutation {unknown}
Books
 b - a book of Necromancy

   Spells                             Type                      Level
   a - Pain                           Necromancy                   1
   b - Animate Skeleton               Necromancy                   1
   c - Vampiric Draining              Necromancy                   3
   d - Regeneration                   Charms/Necromancy            3
   e - Animate Dead                   Necromancy                   4
   f - Control Undead                 Necromancy                   4
 i - a book of Minor Magic

   Spells                             Type                      Level
   a - Magic Dart                     Conjuration                  1
   b - Blink                          Translocation                2
   c - Call Imp                       Summoning                    2
   d - Slow                           Hexes                        2
   e - Conjure Flame                  Conjuration/Fire             3
   f - Mephitic Cloud                 Conjuration/Poison/Air       3
Comestibles
 c - 3 bread rations
 w - 6 fruits
 D - 2 meat rations
 I - 9 chunks of flesh


   Skills:
 - Level 1.4 Fighting
 - Level 2.1 Armour
 - Level 2.1 Dodging
 - Level 2.4 Stealth
 + Level 4.5 Spellcasting
 - Level 2.3 Conjurations
 + Level 7.0 Necromancy
 - Level 1.2 Translocations
 - Level 2.1 Fire Magic
 - Level 2.3 Air Magic
 - Level 2.0 Poison Magic


You had 4 spell levels left.
You knew the following spells:

 Your Spells              Type           Power        Failure   Level  Hunger
a - Pain                  Necr           ####         1%          1    None
b - Blink                 Tloc           N/A          28%         2    ##.....
c - Conjure Flame         Conj/Fire      ##......     36%         3    ###....
e - Mephitic Cloud        Conj/Pois/Air  ##......     36%         3    ###....
v - Vampiric Draining     Necr           ####......   5%          3    ###....


Dungeon Overview and Level Annotations

Branches:
Dungeon (6/15)
 Temple: D:4-7

Altars:
Dithmenos
Elyvilon
Kikubaaqudgha
Makhleb
Qazlal
Sif Muna
Vehumet

Annotations:
D:4 Eustachio
D:6 Prince Ribbit


Innate Abilities, Weirdness & Mutations

You are resistant to damage.
You can heal yourself by infusing magical energy.
You passively map a small area around you.
You do not regenerate.


Message History

Aiming: Random Effects (will waste charges)
Press: ? - help, Shift-Dir - straight line, f/p - Prince Ribbit
Aim: Prince Ribbit (moderately wounded, fast) Nothing appears to happen.
Evoking this partially-identified wand wasted a few charges.
Prince Ribbit hits you.
* * * LOW HITPOINT WARNING * * *
Prince Ribbit hits you but does no damage.
Unknown command.
Unknown command.
Unknown command.
Evoke which item? (* to show all) (? for menu, Esc to quit)
Aiming: Random Effects (will waste charges)
Press: ? - help, Shift-Dir - straight line, f/p - Prince Ribbit
Aim: Prince Ribbit (moderately wounded, fast)
The bolt of poison hits Prince Ribbit.
Prince Ribbit is severely wounded.
Evoking this partially-identified wand wasted a few charges.
Prince Ribbit hits you!
You die...

#>########.......!
#.# #<.#.#### #.#
#o.#.#... #.#
#).#.#.#. #.#
######........ #.#
#...(......... #.#
#.####..#..... #.#
#.####..####.# #@#
#.........##.#
#F###.<###..#.##.#
#.......>.###..#.##.#
#.##.................
# ####...#..........
.........#.##.# * *
#..........# #
,,...........#* ,
...........#


You could see Prince Ribbit.

Vanquished Creatures
  A sky beast (D:4)
  2 ogres (D:5)
  3 centaurs
  A water moccasin skeleton (D:5)
  A scorpion (D:4)
  A quasit (D:4)
  A centaur zombie (D:5)
  3 hounds
  A bullfrog skeleton (D:5)
  2 orc priests (D:5)
  2 iguanas (D:4)
  4 orc wizards
  6 worker ants
  A hound skeleton (D:4)
  5 adders
  2 adder skeletons
  A dart slug (D:5)
  A leopard gecko (D:3)
  6 orcs
  3 bats (D:2)
  3 giant cockroaches
  2 goblins
  6 jackals
  3 kobolds
  A ball python (D:4)
  3 frilled lizards
  A leopard gecko zombie (D:5)
66 creatures vanquished.

Vanquished Creatures (others)
  A quokka (D:5)
1 creature vanquished.

Grand Total: 67 creatures vanquished

Notes
Turn   | Place    | Note
-------+----------+-------------------------------------------
     0 | D:1      | letownia2 the Deep Dwarf Necromancer began the quest for the Orb.
     0 | D:1      | Reached XP level 1. HP: 15/15 MP: 3/3
   264 | D:2      | Reached XP level 2. HP: 13/22 MP: 3/5
   544 | D:2      | Reached skill level 5 in Necromancy
   544 | D:2      | Reached XP level 3. HP: 2/28 MP: 1/6
   549 | D:2      | Learned a level 3 spell: Vampiric Draining
   698 | D:2      | Found a stormy altar of Qazlal.
   763 | D:2      | Learned a level 3 spell: Mephitic Cloud
  1034 | D:4      | Found an ancient bone altar of Kikubaaqudgha.
  1034 | D:4      | Found a deep blue altar of Sif Muna.
  1036 | D:4      | Found a radiant altar of Vehumet.
  1038 | D:4      | Identified Kikubaaqudgha's Handbook of Unholy Arts
  1164 | D:4      | Found a shadowy altar of Dithmenos.
  1360 | D:4      | Noticed a scorpion
  1363 | D:4      | Killed a scorpion
  1363 | D:4      | Reached XP level 4. HP: 29/36 MP: 4/8
  1369 | D:4      | Learned a level 2 spell: Blink
  1463 | D:4      | Noticed Eustachio
  1486 | D:4      | Reached skill level 1 in Translocations
  1486 | D:4      | Reached XP level 5. HP: 35/42 MP: 9/9
  1501 | D:4      | Reached skill level 1 in Conjurations
  1750 | D:5      | Entered Level 5 of the Dungeon
  1750 | D:5      | Noticed a sky beast
  1771 | D:4      | Killed a sky beast
  1771 | D:4      | Reached skill level 1 in Air Magic
  1771 | D:4      | Reached skill level 1 in Poison Magic
  1771 | D:4      | Reached XP level 6. HP: 38/49 MP: 0/10
  2318 | D:5      | Reached XP level 7. HP: 25/56 MP: 4/11
  2333 | D:4      | Learned a level 3 spell: Conjure Flame
  2449 | D:5      | Reached skill level 1 in Fire Magic
  2569 | D:5      | Reached skill level 1 in Fighting
  2616 | D:5      | Reached skill level 6 in Necromancy
  2808 | D:5      | Found a white marble altar of Elyvilon.
  2834 | D:5      | Found a burning altar of Makhleb.
  2834 | D:5      | Noticed a cacodemon
  2956 | D:5      | Reached skill level 1 in Armour
  3159 | D:6      | Reached XP level 8. HP: 29/64 MP: 3/13
  3260 | D:6      | Reached skill level 7 in Necromancy
  3313 | D:6      | Noticed Prince Ribbit
  3363 | D:6      | Slain by Prince Ribbit

Skill      XL: |  1  2  3  4  5  6  7  8 |
---------------+-------------------------+-----
Spellcasting   | 2 3 4 |  4.5
Necromancy     | 5 6 7 |  7.0
Translocations | 1 |  1.2
Conjurations   | 1 2 |  2.3
Air Magic      | 1 2 |  2.3
Poison Magic   | 1 2 |  2.0
Fire Magic     | 2 |  2.1
Fighting       | 1 |  1.4
Armour         | 2 |  2.1
Dodging        | |  2.1
Stealth        | |  2.4

Action                   |  1- 3 |  4- 6 |  7- 9 || total
-------------------------+-------+-------+-------++-------
Melee: Unarmed           |    13 |       |       ||    13
       Whip              |     6 |    45 |    55 ||   106
       Short sword       |     3 |       |     2 ||     5
 Cast: Pain              |    28 |    13 |     1 ||    42
       Vampiric Draining |    11 |    19 |    29 ||    59
       Mephitic Cloud    |       |       |     4 ||     4
       Conjure Flame     |       |       |     3 ||     3
Evoke: Wand              |       |       |     5 ||     5
  Use: Potion            |       |       |     1 ||     1
 Stab: Sleeping          |     1 |       |       ||     1
  Eat: Chunk             |     3 |     5 |     6 ||    14
       Fruit             |       |       |     1 ||     1
Armor: Robe              |    23 |       |       ||    23
       Leather armour    |       |    35 |     9 ||    44
       Ring mail         |       |       |    22 ||    22
Dodge: Dodged            |    47 |    93 |    61 ||   201
